 Dungeon Crawl Stone Soup version 0.20.1-1-g8b1a95d (console) character file.

689 hilaritas the Spear-Bearer (level 7, -12/53 HPs)
             Began as a Merfolk Fighter on July 30, 2017.
             Was an Initiate of Okawaru.
             Mangled by Prince Ribbit (15 damage)
             ... on level 5 of the Dungeon.
             The game lasted 00:08:31 (4730 turns).

hilaritas the Spear-Bearer (Merfolk Fighter)        Turns: 4730, Time: 00:08:33

Health: -12/53     AC:  7    Str: 24    XL:     7   Next: 63%
Magic:  7/7        EV: 11    Int:  7    God:    Okawaru [......]
Gold:   147        SH: 10    Dex: 21    Spells: 6/6 levels left

rFire    . . .     SeeInvis .   a - +1 trident
rCold    . . .     Gourm    .   c - +0 shield
rNeg     . . .     Faith    .   s - +0 ring mail
rPois    .         Spirit   .   (no helmet)
rElec    .         Reflect  .   b - +0 cloak
rCorr    .         Harm     .   (no gloves)
MR       .....                  e - +0 pair of boots
Stlth    ++........             (no amulet)
Regen    0.2/turn               u - +3 ring of slaying
MPRegen  0.1/turn               l - +3 ring of strength

@: mighty, agile, constricted
A: change form in water, swift swim, stealthy swim
a: Renounce Religion


You were on level 5 of the Dungeon.
You worshipped Okawaru.
Okawaru was noncommittal.
You were very hungry.

You visited 2 branches of the dungeon, and saw 6 of its levels.

You collected 147 gold pieces.

Inventory:

Hand Weapons
 a - a +1 trident (weapon)
Missiles
 p - 13 tomahawks (quivered)
Armour
 b - a +0 cloak (worn)
 c - a +0 shield (worn)
 e - a +0 pair of boots (worn)
 s - a +0 ring mail (worn)
Jewellery
 l - a +3 ring of strength (right hand)
 u - a +3 ring of slaying (left hand)
Wands
 j - a wand of flame (37/48)
Scrolls
 i - a scroll of remove curse
 k - 3 scrolls of teleportation
 m - 4 scrolls of identify
Potions
 n - a potion of agility
 o - a potion of mutation {unknown}
 q - a potion of berserk rage {unknown}
 r - 2 potions of haste {unknown}
 t - a potion of invisibility {unknown}
 x - a potion of flight {unknown}
Comestibles
 f - 6 bread rations
 g - 2 royal jellies
 h - 6 meat rations
 z - 6 fruits


   Skills:
 * Level 3.7 Fighting
 - Level 11.0 Polearms
 - Level 2.1 Armour
 * Level 1.3 Dodging
 * Level 3.3 Shields
 * Level 1.3 Invocations


You had 6 spell levels left.
You didn't know any spells.

Dungeon Overview and Level Annotations

Branches:
Dungeon (5/15)             Temple (1/1) D:4

Altars:
Ashenzari
Gozag
Kikubaaqudgha
Nemelex Xobeh
Okawaru
Sif Muna
Trog
Vehumet
Yredelemnul

Annotations:
D:5 Prince Ribbit


Message History

You block the ball python zombie's attack.
* * * LOW HITPOINT WARNING * * *
The ball python zombie constricts you. Prince Ribbit hits you.
* * * LOW HITPOINT WARNING * * *
You feel better.
Prince Ribbit catches a blue-tailed skink with his tongue.
Prince Ribbit hits you!
* * * LOW HITPOINT WARNING * * *
The ball python zombie bites you but does no damage.
* * * LOW HITPOINT WARNING * * *
The ball python zombie constricts you.
You barely miss Prince Ribbit.
Prince Ribbit is severely wounded.
Prince Ribbit hits you but does no damage.
You block the ball python zombie's attack.
The ball python zombie constricts you.
It was a potion of agility.
You feel agile all of a sudden. Prince Ribbit hits you!
You die...

..# #.# #.# #.#
#.#
########.#########
+.................
###.##.###F####.#
#.# #@# #.# #Z#
#.# #.# #.###.#
#..##.# ##.##.. #
#..### .. ##.# ...
#.####....


You could see Prince Ribbit and a ball python zombie.

Vanquished Creatures
  Grinder (D:5)
  Menkaure (D:5)
  An ogre (D:3)
  A gnoll shaman (D:4)
  Crazy Yiuf (D:3)
  A hound (D:4)
  Terence (D:3)
  A worker ant (D:5)
  4 gnolls
  3 adders
  3 worms
  2 dart slugs
  3 leopard geckos
  5 orcs (D:3)
  9 bats
  5 giant cockroaches
  8 goblins
  6 hobgoblins
  8 jackals
  6 kobolds
  4 quokkas
  A ball python skeleton (D:4)
  3 frilled lizards
  5 rats
83 creatures vanquished.

Notes
Turn   | Place    | Note
-------+----------+-------------------------------------------
     0 | D:1      | hilaritas the Merfolk Fighter began the quest for the Orb.
     0 | D:1      | Reached XP level 1. HP: 18/18 MP: 1/1
    99 | D:1      | Reached skill level 4 in Polearms
    99 | D:1      | Reached XP level 2. HP: 14/24 MP: 2/2
   491 | D:1      | Reached XP level 3. HP: 29/29 MP: 3/3
   661 | D:1      | Reached skill level 5 in Polearms
  1541 | D:2      | Reached skill level 6 in Polearms
  1541 | D:2      | Reached XP level 4. HP: 35/35 MP: 4/4
  2501 | D:3      | Noticed Terence
  2515 | D:3      | Killed Terence
  2515 | D:3      | Reached skill level 7 in Polearms
  2547 | D:3      | Reached XP level 5. HP: 39/41 MP: 5/5
  2689 | D:3      | Noticed an ogre
  2699 | D:3      | Killed an ogre
  2699 | D:3      | Reached skill level 8 in Polearms
  3279 | D:3      | Reached XP level 6. HP: 47/47 MP: 6/6
  3482 | D:3      | Found a runed door.
  3664 | D:3      | Noticed Crazy Yiuf
  3674 | D:3      | Killed Crazy Yiuf
  3674 | D:3      | Reached skill level 9 in Polearms
  4063 | D:4      | Found a staircase to the Ecumenical Temple.
  4069 | Temple   | Entered the Ecumenical Temple
  4086 | Temple   | Became a worshipper of Warmaster Okawaru
  4528 | D:5      | Entered Level 5 of the Dungeon
  4538 | D:5      | Noticed Grinder
  4556 | D:5      | Killed Grinder
  4556 | D:5      | Reached skill level 11 in Polearms
  4556 | D:5      | Reached XP level 7. HP: 40/52 MP: 7/7
  4702 | D:5      | Noticed Menkaure
  4706 | D:5      | Noticed Prince Ribbit
  4710 | D:5      | Killed Menkaure
  4710 | D:5      | Reached skill level 1 in Dodging
  4710 | D:5      | Reached skill level 1 in Invocations
  4730 | D:5      | Mangled by Prince Ribbit

Skill      XL: |  1  2  3  4  5  6  7 |
---------------+----------------------+-----
Polearms       | 4 6 7 8 11 | 11.0
Dodging        | 1 |  1.3
Invocations    | 1 |  1.3
Fighting       | |  3.7
Armour         | |  2.1
Shields        | |  3.3

Action                   |  1- 3 |  4- 6 |  7- 9 || total
-------------------------+-------+-------+-------++-------
Melee: Trident           |   103 |   214 |    18 ||   335
Throw: Tomahawk          |       |     1 |       ||     1
  Use: Scroll            |       |     8 |       ||     8
       Potion            |       |       |     5 ||     5
  Eat: Chunk             |     2 |     9 |       ||    11
Armor: Scale mail        |    32 |     8 |       ||    40
       Ring mail         |       |    32 |    10 ||    42
Dodge: Dodged            |    16 |    29 |     2 ||    47
Block: Shield            |    28 |    56 |     7 ||    91
